 Dungeon Crawl Stone Soup version 0.31-a0-1074-g0b22e4e0f1 (webtiles) character file.

Game seed: 14064637990937890318

133 grandjackal the Trooper (level 5, -17/47 HPs)
             Began as a Ghoul Monk on Dec 1, 2023.
             Demolished by an orc warrior
             ... wielding a +0 heavy battleaxe
              (25 damage)
             ... on level 6 of the Dungeon.
             The game lasted 00:02:50 (2441 turns).

grandjackal the Trooper (Ghoul Monk)                Turns: 2441, Time: 00:02:50

Health: -17/47     AC:  6    Str: 15    XL:     5   Next: 16%
Magic:  4/4        EV: 10    Int: 11    God:
Gold:   224        SH:  0    Dex: 11    Spells: 4/4 levels left

rFire   + +          .
                       - Unarmed
rCold   + . .        (no shield)
rNeg    + + +        u - +0 scale mail
rPois   ∞            (no helmet)
rElec   .            (no cloak)
rCorr   .            (no gloves)
SInv    .            (no boots)
Will    .....        (no amulet) Stlth
                     m - ring of protection from fire
HPRegen 0.00/turn    g - ring of protection from fire
MPRegen 0.09/turn

%: no passive effects
@: inhibited regen, invisible
A: claws 1, cold resistance 1, negative energy resistance 3, inhibited
regeneration, torment resistance 2, devour on kill
a: no special abilities


You were on level 6 of the Dungeon.
You visited 1 branch of the dungeon, and saw 5 of its levels.

You collected 224 gold pieces.

Inventory:

Missiles
 e - 13 poisoned darts
Armour
 c - an orb of light
 u - a +0 scale mail (worn)
Jewellery
 g - a ring of protection from fire (right claw)
 m - a ring of protection from fire (left claw)
Scrolls
 f - a scroll of poison {unknown}
 i - 2 scrolls of noise {unknown}
 l - a scroll of revelation {unknown}
 o - a scroll of fog {unknown}
 p - a scroll of torment {unknown}
 q - a scroll of enchant weapon {unknown}
 t - a scroll of teleportation {unknown}
Potions
 b - a potion of ambrosia
 h - a potion of heal wounds {unknown}
 k - a potion of brilliance {unknown}
 n - 3 potions of curing
 r - a potion of lignification {unknown}
 s - a potion of cancellation {unknown}


   Skills:
 + Level 4.8 Fighting
 + Level 0.3 Armour
 - Level 3.0 Dodging
 + Level 4.8 Unarmed Combat


You had 4 spell levels left.
You didn't know any spells.
Your spell library contained the following spells:

 Spells                   Type           Power      Damage    Failure   Level
 Magic Dart               Conj           0%         1d3       82%         1
 Sting                    Tmut/Pois      0%         1d3       82%         1
 Call Imp                 Summ           0%         N/A       91%         2
 Poisonous Vapours        Pois/Air       0%         N/A       91%         2
 Dazzling Flash           Conj/Hex       0%         N/A       99%         3
 Mephitic Cloud           Conj/Pois/Air  0%         N/A       99%         3
 Olgreb's Toxic Radiance  Pois           0%         N/A       100%        4
 Agony                    Necr           0%         N/A       100%        5
 Silence                  Hex/Air        0%         N/A       100%        5


Dungeon Overview and Level Annotations

Branches:
Dungeon (4/15)
 Temple: D:4-7

Altars:


Innate Abilities, Weirdness & Mutations

You are immune to poison.
You have sharp fingernails.
Your flesh is cold resistant. (rC+)
You are immune to negative energy. (rN+++)
You do not regenerate when monsters are visible.
You are immune to unholy pain and torment.
You thrive by killing the living.


Message History

The orc hits you but does no damage.
You finish taking off your orb of light.
Unknown command.
Unknown command.
Unknown command.
You fade into invisibility!
A white imp comes into view.
The orc closely misses you.
You barely miss the orc. You scratch the orc.
The orc is moderately wounded.
The white imp shouts, "Slither away, thou gangrenous spur-galled rubbish heap!"
The orc hits you with a +0 hand axe.
You scratch the orc.
The orc is moderately wounded.
The white imp shouts!
The orc barely misses you.
You scratch the orc.
The orc is almost dead.
A puff of flame appears from out of thin air!
The puff of flame hits the orc warrior.
The orc closely misses you.
The orc warrior shouts!
You catch the helpless orc completely off-guard!
You claw the orc!
You kill the orc!
You feel better.
You scratch the orc warrior but do no damage.
The orc warrior is lightly wounded.
The orc warrior hits you with a +0 heavy battleaxe!
You scratch the orc warrior.
The orc warrior is lightly wounded.
You claw the orc warrior!
The orc warrior is heavily wounded.
The orc warrior hits you with a +0 heavy battleaxe!!
* * * LOW HITPOINT WARNING * * *
You barely miss the orc warrior.
The orc warrior is heavily wounded.
The orc warrior hits you with a +0 heavy battleaxe!!
Ouch! That really hurt!
You die...

.. .# .##.#####.#
..........#
..........##
?..........
.........#
.........# #..
.........####oo...
..[.......@ooo{o..
##)..########ooo?.
?..#. ... .. . . .
. ..


You could see 2 orc warriors, 3 orc wizards and 4 orcs.

Vanquished Creatures
  A sleepcap (D:3)
  4 adders
  A dart slug (D:3)
  7 orcs
  3 bats
  4 endoplasms
  10 goblins
  8 hobgoblins
  2 quokkas (D:1)
  4 ball pythons
  2 frilled lizards
  7 kobolds
  5 rats
58 creatures vanquished.

Notes
Turn   | Place    | Note
-------+----------+-------------------------------------------
     0 | D:1      | grandjackal the Ghoul Monk began the quest for the Orb.
     0 | D:1      | Reached XP level 1. HP: 19/19 MP: 0/0
   138 | D:1      | Reached XP level 2. HP: 26/26 MP: 1/1
   346 | D:1      | Found a faded altar of an unknown god.
   832 | D:2      | Reached XP level 3. HP: 30/33 MP: 2/2
  1617 | D:3      | Reached XP level 4. HP: 33/40 MP: 3/3
  2232 | D:3      | Reached XP level 5. HP: 28/47 MP: 4/4
  2418 | D:4      | You fall into a shaft and drop 2 floors!
  2423 | D:6      | Noticed an orc warrior
  2425 | D:6      | Noticed an orc warrior
  2427 | D:6      | Noticed a black bear
  2441 | D:6      | Demolished by an orc warrior

Illustrated notes

Levels and vault maps discovered:
D:1:      matt_arrival_diagonals, layout_basic,
          shapermc_ecumenical_altar_ellora, minmay_box_of_dots
D:2:      layout_rooms
D:3:      cheibrodos_greedy_goblins, layout_loops_corners
D:4:      layout_gridville, saegor_snake_ambush
D:6:      layout_rooms, uniq_jeremiah

Skill      XL: |  1  2  3 |
---------------+----------+-----
Dodging        | 3 |  3.0
Fighting       | 4 |  4.8
Unarmed Combat | 4 |  4.8
Armour         | |  0.3

Action                     |  1- 3 |  4- 6 || total
---------------------------+-------+-------++-------
  Melee: Unarmed           |    85 |    74 ||   159
    Use: Scroll            |       |     2 ||     2
         Potion            |       |     1 ||     1
   Stab: Invisible         |       |     1 ||     1
 Armour: Robe              |    35 |    26 ||    61
         Scale mail        |       |    21 ||    21
  Dodge: Dodged            |    48 |    30 ||    78

Table legend: (Time is in decaauts)
 A = Elapsed time spent in this place.
 B = Non-inter-level travel time spent in this place.
 C = Inter-level travel time spent in this place.
 D = Time resting spent in this place.
 E = Time spent auto-exploring this place.
 F = Levels seen in this place.
 G = Mean time per level.
                   A        B        C        D        E       F      G
               +--------+--------+--------+--------+--------+-----+--------+
         Total |   2428 |   2379 |     49 |    143 |   1815 |   5 |  485.6 |
       Dungeon |   2428 |   2379 |     49 |    143 |   1815 |   5 |  485.6 |
               +--------+--------+--------+--------+--------+-----+--------+

Top non-repeatable levels by time:
     D:3: 1233 daAuts
     D:1: 615 daAuts
     D:2: 386 daAuts
     D:4: 171 daAuts
     D:6: 22 daAuts
